 Dungeon Crawl Stone Soup version 0.31-a0-675-g238779eb0a (webtiles) character file.

Game seed: 14048394872125752250

2167 Strat the Spear-Bearer (level 9, -2/75 HPs)
             Began as a Barachi Monk on Sept 5, 2023.
             Was a Believer of Makhleb.
             Slain by a killer bee (8 damage)
             ... on level 8 of the Dungeon.
             The game lasted 00:13:26 (6869 turns).

Strat the Spear-Bearer (Barachi Monk)               Turns: 6869, Time: 00:13:27

Health: -2/75      AC:  9    Str: 15    XL:     9   Next: 32%
Magic:  11/11      EV: 15    Int: 19    God:    Makhleb [**....]
Gold:   360        SH:  0    Dex: 14    Spells: 8/8 levels left

rFire   . . .        a - +1 spear
rCold   + . .        d - orb {light}
rNeg    . . .        b - +0 robe
rPois   .            c - +2 helmet
rElec   .            (no cloak)
rCorr   .            q - +2 pair of gloves
SInv    .            f - +0 pair of boots
Will    .....        (no amulet)
Stlth   +            n - +6 ring of intelligence
HPRegen 0.32/turn    g - ring of protection from cold
MPRegen 0.12/turn

%: no passive effects
@: slowed, glowing, very slow
A: amphibious, slowness 1, strong legs 1, +LOS
a: Hop, Renounce Religion, Minor Destruction


You were on level 8 of the Dungeon.
You worshipped Makhleb.
Makhleb was pleased with you.
You visited 2 branches of the dungeon, and saw 9 of its levels.

You collected 360 gold pieces.

Inventory:

Hand Weapons
 a - a +1 spear (weapon)
Missiles
 w - 10 poisoned darts
Armour
 b - a +0 robe (worn)
 c - a +2 helmet (worn)
 d - an orb of light (worn)
 f - a +0 pair of boots (worn)
 q - a +2 pair of gloves (worn)
Jewellery
 g - a ring of protection from cold (right hand)
 n - a +6 ring of intelligence (left hand)
Wands
 i - a wand of flame (10)
 s - a wand of digging (4)
 u - a wand of charming (1)
Scrolls
 k - a scroll of vulnerability
 m - 3 scrolls of identify
 o - a scroll of enchant weapon
 v - a scroll of fog
Potions
 p - a potion of brilliance


   Skills:
 - Level 8.8 Fighting
 + Level 12.0 Polearms
 - Level 7.3 Dodging
 + Level 2.7 Invocations


You had 8 spell levels left.
You didn't know any spells.
Your spell library contained the following spells:

 Spells                   Type           Power      Damage    Failure   Level
 Freeze                   Ice            0%         1d3       21%         1
 Blink                    Tloc           0%         N/A       30%         2
 Ensorcelled Hibernation  Hex/Ice        0%         N/A       30%         2
 Lesser Beckoning         Tloc           0%         N/A       30%         2
 Momentum Strike          Conj/Tloc      0%         3d8       30%         2
 Sublimation of Blood     Necr           0%         N/A       30%         2
 Frozen Ramparts          Ice            0%         1d1       52%         3
 Hailstorm                Conj/Ice       0%         3d3       52%         3
 Anguish                  Hex/Necr       0%         N/A       90%         4
 Cause Fear               Hex            0%         N/A       90%         4
 Petrify                  Tmut/Erth      0%         N/A       90%         4
 Irradiate                Conj/Tmut      0%         3d11      99%         5
 Enfeeble                 Hex            0%         N/A       100%        7


Dungeon Overview and Level Annotations

Branches:
Dungeon (8/15)             Temple (1/1) D:6
   Lair: D:8-11

Altars:
Ashenzari
Cheibriados
Dithmenos
Elyvilon
Fedhas
Gozag
Hepliaklqana
Makhleb
Nemelex Xobeh
Okawaru
Qazlal
Ru
Sif Muna
Trog
Uskayaw
Vehumet
Wu Jian
Xom
Yredelemnul
Zin


Innate Abilities, Weirdness & Mutations

You are amphibious.
You cover ground slowly.
You can hop short distances.
You have an extended range of vision and can be seen from far away.


Message History

A centaur comes into view.
The centaur shouts!
The centaur wields a +0 orcbow.
The centaur shoots an arrow.
The arrow hits you!
* * * LOW HITPOINT WARNING * * *
The centaur shoots an arrow.
The arrow hits you!
* * * LOW HITPOINT WARNING * * *
The centaur shoots an arrow.
The arrow hits you!
* * * LOW HITPOINT WARNING * * *
The wraith attacks as it pursues you! The wraith completely misses you.
The wraith closely misses you.
Okay, then.
You feel better.
The wraith closely misses you. x2; The yak barely misses you.
You feel better. The yak barely misses you. The wraith hits you!
* * * LOW HITPOINT WARNING * * *
The wraith drains your vigour!
You feel as though you will be slow longer.
The bullfrog gives a loud, deep croak!
You hear an angry hiss.
The bullfrog completely misses you. The wraith closely misses you.
The bullfrog hits you.
* * * LOW HITPOINT WARNING * * *
The yak misses you. The wraith hits you!
* * * LOW HITPOINT WARNING * * *
The wraith drains your vigour!
You feel as though you will be slow longer.
The bullfrog misses you.
The centaur shoots an arrow.
The arrow hits you.
* * * LOW HITPOINT WARNING * * *
A gnoll sergeant comes into view. It is wielding a +0 spear.
The bullfrog closely misses you.
The centaur shoots an arrow.
The arrow hits you!
* * * LOW HITPOINT WARNING * * *
The gnoll sergeant shouts!
There is a fountain of sparkling water here.
A killer bee comes into view.
The killer bee buzzes angrily.
A killer bee comes into view.
The bullfrog closely misses you. The killer bee stings you!
You die...

c. ♣.#♣ ♣# ..#. .#
#.#.♣♣♣.# .# #.
..♣.. ..
#.#♣.♣g♣##♣'♣##
#.#Y.#..#..>..#.♣.♣
#...#F#†).†8.y'..≈.
###c.#@y#..<..#y♣.♣
#♣.♣.♣##♣+♣##
#..♣..# #.♣♣♣.#
#..♣..# #♣.♣.♣#
♣♣.♣♣ ###


You could see a yak, a bullfrog and 2 killer bees.

Vanquished Creatures
  A shadow (D:7)
  A steam dragon (D:7)
  2 water moccasins (D:8)
  A sky beast (D:8)
  2 black bears
  An ice beast (D:6)
  An ogre (D:6)
  A kobold brigand (D:7)
  A phantom (D:6)
  A bullfrog (D:8)
  4 scorpions
  4 howler monkeys
  5 hounds
  An iguana (D:4)
  Jessica (D:2)
  A sleepcap (D:6)
  Robin (D:1)
  7 gnolls
  5 adders
  A shadow imp (D:8)
  2 white imps
  4 worms
  7 orcs
  9 ball pythons
  10 endoplasms
  6 giant cockroaches
  14 goblins
  6 hobgoblins
  8 jackals
  7 kobolds
  A quokka (D:1)
  4 bats
  2 frilled lizards
  7 rats
129 creatures vanquished.

Notes
Turn   | Place    | Note
-------+----------+-------------------------------------------
     0 | D:1      | Strat the Barachi Monk began the quest for the Orb.
     0 | D:1      | Reached XP level 1. HP: 18/18 MP: 1/1
   249 | D:1      | Reached XP level 2. HP: 25/25 MP: 2/2
   626 | D:1      | Found a faded altar of an unknown god.
   996 | D:2      | Noticed Jessica
  1007 | D:2      | Killed Jessica
  1008 | D:2      | Reached skill level 4 in Polearms
  1008 | D:2      | Reached XP level 3. HP: 16/30 MP: 3/3
  1196 | D:2      | Reached XP level 4. HP: 38/38 MP: 4/4
  1210 | D:2      | Noticed Robin
  1259 | D:1      | Killed Robin
  1919 | D:3      | Reached XP level 5. HP: 43/43 MP: 5/5
  2061 | D:3      | Reached skill level 5 in Polearms
  2073 | D:3      | Noticed a black bear
  2257 | D:3      | Reached skill level 5 in Fighting
  2341 | D:3      | Reached skill level 10 in Polearms
  2341 | D:3      | Reached XP level 6. HP: 57/57 MP: 6/6
  2350 | D:3      | Killed a black bear
  2425 | D:3      | Reached XP level 7. HP: 53/63 MP: 7/7
  3057 | D:4      | You fall into a shaft and drop 1 floor!
  3057 | D:5      | Entered Level 5 of the Dungeon
  3172 | D:5      | Found a hide-covered altar of Uskayaw.
  3383 | D:4      | Found a sacrificial altar of Ru.
  3632 | D:4      | Found a bloodstained altar of Trog.
  3632 | D:4      | Found a stormy altar of Qazlal.
  4533 | D:6      | Reached skill level 11 in Polearms
  4533 | D:6      | Reached XP level 8. HP: 70/70 MP: 8/8
  5098 | D:6      | Found a staircase to the Ecumenical Temple.
  5165 | Temple   | Entered the Ecumenical Temple
  5181 | Temple   | Became a worshipper of Makhleb the Destroyer
  5181 | Temple   | Reached * piety under Makhleb
  5181 | Temple   | Reached ** piety under Makhleb
  5562 | D:7      | Reached skill level 1 in Invocations
  6458 | D:7      | Noticed a shadow
  6499 | D:7      | Killed a shadow
  6500 | D:7      | Reached XP level 9. HP: 56/75 MP: 10/10
  6843 | D:8      | Reached skill level 12 in Polearms
  6849 | D:8      | Noticed a hornet
  6869 | D:8      | Slain by a killer bee

Illustrated notes

Levels and vault maps discovered:
D:1:      lemuel_arrival_tunnels, layout_loops_ring,
          shapermc_ecumenical_altar_hornbeckon
D:2:      layout_rooms, hangedman_abyss_or_decor_stabs, minivault_23,
          uniq_robin, uniq_jessica
D:3:      layout_basic, hex_tiny, moated_statue, wad_rectangle_vault
D:4:      layout_rooms, mainiacjoe_overflow_brackets,
          gammafunk_temple_overflow_wave, minmay_misc_feat_secret_circle,
          minmay_misc_feat_plants, serial_bayou_crossing
D:5:      layout_loops_corners, nicolae_uskayaw_dance_hall, glass_columns_a
D:6:      layout_loops_cross, temple_hall, eino_tiny_chamber
D:7:      layout_basic, nicolae_phantomly_mirrored
D:8:      nzn_winding_woodlands_stair_cross
          [nzn_winding_woodlands_5x15_lazy_stream,
          nzn_winding_woodlands_center_lodge, nzn_winding_woodlands_5x15_twine,
          nzn_winding_woodlands_hourglass, nzn_winding_woodlands_5x5_three,
          nzn_winding_woodlands_5x15_eye, nzn_winding_woodlands_center_diamonds,
          nzn_winding_woodlands_5x15_cabin], layout_rooms, tso_metal_star,
          minmay_alternating_orb
Temple:   regret_index_temple_sphere_string

Skill      XL: |  1  2  3  4  5  6  7  8  9 |
---------------+----------------------------+-----
Fighting       | 4 8 |  8.8
Polearms       | 4 10 11 12 | 12.0
Dodging        | 7 |  7.3
Invocations    | 2 |  2.7

Action                     |  1- 3 |  4- 6 |  7- 9 || total
---------------------------+-------+-------+-------++-------
  Melee: Spear             |    70 |   201 |   418 ||   689
Ability: Hop               |       |       |     1 ||     1
  Evoke: Wand              |       |       |    13 ||    13
    Use: Potion            |       |     2 |     5 ||     7
         Scroll            |       |     7 |     8 ||    15
 Armour: Robe              |    18 |   105 |   131 ||   254
  Dodge: Dodged            |    34 |   124 |   162 ||   320

Table legend: (Time is in decaauts)
 A = Elapsed time spent in this place.
 B = Non-inter-level travel time spent in this place.
 C = Inter-level travel time spent in this place.
 D = Time resting spent in this place.
 E = Time spent auto-exploring this place.
 F = Levels seen in this place.
 G = Mean time per level.
                   A        B        C        D        E       F      G
               +--------+--------+--------+--------+--------+-----+--------+
         Total |   7559 |   7214 |    345 |    785 |   4886 |   9 |  839.9 |
       Dungeon |   7520 |   7212 |    308 |    785 |   4886 |   8 |  940.0 |
        Temple |     38 |      2 |     36 |      0 |      0 |   1 |   38.0 |
               +--------+--------+--------+--------+--------+-----+--------+

Top non-repeatable levels by time:
     D:7: 1299 daAuts
     D:1: 1256 daAuts
     D:6: 1175 daAuts
     D:3: 1130 daAuts
     D:5: 1013 daAuts
     D:2: 800 daAuts
     D:4: 675 daAuts
     D:8: 170 daAuts
  Temple: 38 daAuts
